 Dungeon Crawl Stone Soup version 0.25-a0-310-g60f0ac2d9a (webtiles) character file.

Game seed: 12876043942612339917, levelgen mode: deterministic

196 Glalom the Conjurer (level 5, -2/28 HPs)
             Began as a Deep Elf Conjurer on Dec 23, 2019.
             Was an Initiate of Kikubaaqudgha.
             Slain by a goblin
             ... wielding a +0 club
              (4 damage)
             ... on level 3 of the Dungeon.
             The game lasted 00:08:55 (2909 turns).

Glalom the Conjurer (Deep Elf Conjurer)             Turns: 2909, Time: 00:08:57

Health: -2/28      AC:  2    Str:  5    XL:     5   Next: 45%
Magic:  8/11       EV: 13    Int: 21    God:    Kikubaaqudgha [......]
Gold:   201        SH:  0    Dex: 15    Spells: 3/10 levels left

rFire    . . .     SeeInvis .   j - -2 hand axe (curse)
rCold    . . .     Gourm    +   (no shield)
rNeg     . . .     Faith    .   a - +0 robe
rPois    +         Spirit   .   (no helmet)
rElec    .         Reflect  .   (no cloak)
rCorr    .         Harm     .   (no gloves)
MR       .....                  (no boots)
Stlth    +.........             i - amulet of the gourmand
HPRegen  0.09/turn              l - ring of poison resistance
MPRegen  0.12/turn              (no ring)

@: confused
A: no striking features
a: Renounce Religion


You were on level 3 of the Dungeon.
You worshipped Kikubaaqudgha.
Kikubaaqudgha was noncommittal.
You were very full.

You visited 1 branch of the dungeon, and saw 3 of its levels.

You collected 201 gold pieces.

Inventory:

Hand Weapons
 j - a cursed -2 hand axe (weapon)
Armour
 a - a +0 robe (worn)
Jewellery
 i - an amulet of the gourmand (around neck)
 l - a ring of poison resistance (left hand)
 q - an uncursed ring of resist corrosion {unknown}
 s - a +2 ring of evasion {unknown}
 t - a cursed -2 ring of protection {unknown}
Wands
 o - a wand of polymorph (7)
Scrolls
 d - 2 scrolls of identify
 e - 2 scrolls of magic mapping {unknown}
 f - 2 scrolls of blinking {unknown}
 m - 3 scrolls of remove curse {unknown}
 u - a scroll of immolation {unknown}
 w - a scroll of fear {unknown}
Potions
 b - 2 potions of lignification {unknown}
 g - 3 potions of curing {unknown}
 h - a potion of brilliance {unknown}
 k - 2 potions of might {unknown}
 n - a potion of degeneration {unknown}
 p - a potion of mutation {unknown}
 r - a potion of flight {unknown}
Comestibles
 c - 7 rations


   Skills:
 + Level 0.7 Fighting
 - Level 2.4 Dodging
 - Level 2.4 Stealth
 - Level 3.0 Spellcasting
 - Level 7.1 Conjurations
 + Level 1.3 Hexes


You had 3 spell levels left.
You knew the following spells:

 Your Spells              Type           Power        Failure   Level  Hunger
a - Magic Dart            Conj           ####         1%          1    None
b - Searing Ray           Conj           ####..       1%          2    ##.....
c - Fulminant Prism       Conj/Hex       ###.......   22%         4    ####...

Your spell library contained the following spells:

 Spells                   Type           Power        Failure   Level  Hunger
 Dazzling Flash           Conj/Hex       ###...       7%          3    ###....
 Confusing Touch          Hex            #.....       8%          1    None
 Animate Skeleton         Necr           N/A          13%         1    None
 Apportation              Tloc           #.....       13%         1    None
 Summon Small Mammal      Summ           #...         13%         1    None
 Iskenderun's Mystic Bla  Conj/Tloc      ###.....     30%         4    ####...


Dungeon Overview and Level Annotations

Branches:
Dungeon (3/15)

Altars:
Kikubaaqudgha
Ru
Wu Jian

Annotations:
D:3 Natasha


Message History

The jackal stops to sniff the ground.
The jackal completely misses you. Something hits you.
The goblin hits you with a +0 club.
You miss the goblin. You miss the jackal. You miss something.
The jackal barely misses you. Something completely misses you.
The jackal misses you. The goblin hits you with a +0 club.
You bump into the metal wall.
The jackal closely misses you. Something hits you.
The goblin barely misses you.
You miss the goblin. You barely miss something. You miss the jackal.
The jackal barely misses you. Something hits you. The jackal bites you.
The goblin barely misses you.
You miss something. You closely miss the jackal. You miss the goblin.
The jackal closely misses you.
You hear some strange, mumbled words.
A magic dart appears from out of thin air!
The magic dart hits you!
* * * LOW HITPOINT WARNING * * *
The goblin hits you with a +0 club.
You die...
Kikubaaqudgha rasps: "You have failed me!
Welcome... death!"

.<.....# #........##.##
######## ########.##..##
)..# #.##..##÷.# ##.##
#.##....... #..##
##.##.####.# ##..###
#..##..[##.# ##>..#
b#..####.##.# ###.#.
######## .##..##...##..
#.#..#.†##{@#..#......#####.
#.#..'....g.h..#...#### #.
###..##8..8##..##..# #.
######..## ..(#..# ##
#...##..# ..#### #
##########..#..# ###
..........#)#..#
....>.....###..#
.........)###'######


You could see a jackal and a goblin.

Vanquished Creatures
  A howler monkey (D:3)
  Jessica (D:2)
  Natasha (D:3)
  3 adders
  2 oozes
  A worm (D:3)
  2 dart slugs
  3 leopard geckos
  6 orcs (D:3)
  A ball python (D:1)
  4 giant cockroaches
  8 goblins
  8 hobgoblins
  6 kobolds
  4 bats
  2 frilled lizards
  8 rats
61 creatures vanquished.

Vanquished Creatures (others)
  An adder (D:3)
  A plant (D:3)
2 creatures vanquished.

Grand Total: 63 creatures vanquished

Notes
Turn   | Place    | Note
-------+----------+-------------------------------------------
     0 | D:1      | Glalom the Deep Elf Conjurer began the quest for the Orb.
     0 | D:1      | Reached XP level 1. HP: 10/10 MP: 6/6
   237 | D:1      | Reached XP level 2. HP: 15/15 MP: 0/8
   348 | D:1      | Reached skill level 5 in Conjurations
   955 | D:2      | Reached XP level 3. HP: 19/19 MP: 6/9
   982 | D:2      | Learned a level 2 spell: Searing Ray
  1061 | D:2      | Noticed Jessica
  1063 | D:2      | Killed Jessica
  1063 | D:2      | Reached skill level 6 in Conjurations
  1135 | D:2      | Reached XP level 4. HP: 24/24 MP: 5/10
  2154 | D:3      | Noticed Natasha
  2157 | D:3      | Reached skill level 7 in Conjurations
  2162 | D:3      | Killed Natasha
  2162 | D:3      | Reached XP level 5. HP: 13/28 MP: 1/11
  2186 | D:3      | Noticed Natasha
  2408 | D:3      | Learned a level 4 spell: Fulminant Prism
  2587 | D:3      | Reached skill level 1 in Hexes
  2787 | D:3      | Found an ancient bone altar of Kikubaaqudgha.
  2789 | D:3      | Found a sacrificial altar of Ru.
  2789 | D:3      | Found an ornate altar of the Wu Jian Council.
  2799 | D:3      | Became a worshipper of Kikubaaqudgha
  2909 | D:3      | Slain by a goblin

Levels and vault maps discovered:
D:1:      giann_horns, layout_basic, minmay_bisected
D:2:      layout_loops_cross, uniq_jessica
D:3:      minmay_chambers_of_twos, layout_rooms,
          gammafunk_temple_overflow_forgotten, lemuel_flame_loot_1, uniq_natasha

Skill      XL: |  1  2  3  4  5 |
---------------+----------------+-----
Conjurations   | 5 6 7 |  7.1
Hexes          | 1 |  1.3
Fighting       | |  0.7
Dodging        | |  2.4
Stealth        | |  2.4
Spellcasting   | |  3.0

Action                   |  1- 3 |  4- 6 || total
-------------------------+-------+-------++-------
Melee: Hand axe          |       |     6 ||     6
 Cast: Magic Dart        |    44 |    97 ||   141
       Searing Ray       |       |     2 ||     2
  Use: Scroll            |     1 |       ||     1
  Eat: Chunk             |     7 |     9 ||    16
Armor: Robe              |       |     1 ||     1
Dodge: Dodged            |       |    22 ||    22

Table legend:
 A = Non-vault XP
 B = Vault XP
 C = Vault XP percentage of total XP
 D = Non-vault monster count
 E = Vault monster count
 F = Vault count percentage of total count
                 A         B        C        D         E       F
            +---------+---------+-------+---------+---------+-------
      Total |     199 |      81 |  28.9 |      53 |       8 |  13.1
            +---------+---------+-------+---------+---------+-------
        D:1 |      30 |       4 |  11.8 |      15 |       2 |  11.8
        D:2 |      63 |      37 |  37.0 |      21 |       1 |   4.5
        D:3 |     106 |      40 |  27.4 |      17 |       5 |  22.7
            +---------+---------+-------+---------+---------+-------
